 Dungeon Crawl Stone Soup version 0.19-a0-994-g3c636f0 (webtiles) character file.

136873 mistymad the Spry (level 16, -17/138 HPs)
             Began as a Merfolk Gladiator on July 17, 2016.
             Was the Champion of Fedhas.
             Demolished by an alligator snapping turtle (33 damage)
             ... on level 4 of the Shoals on July 18, 2016.
             The game lasted 01:40:51 (36732 turns).

mistymad the Spry (Merfolk Gladiator)              Turns: 36732, Time: 01:40:52

Health: -17/138    AC: 30    Str: 22    XL:     16   Next: 91%
Magic:  23/23      EV: 21    Int: 18    God:    Fedhas [******]
Gold:   2005       SH:  8    Dex: 19    Spells: 0 memorised, 15 levels left

rFire  + + +     SeeInvis .     Z - +1 trident (vamp)
rCold  + . .     Gourm    +     C - +6 chain mail of Gud Itiz {-Cast rF+ rN+ Int+6}
rNeg   + . .     Faith    .     Y - +2 buckler
rPois  .         Spirit   .     J - +2 helmet
rElec  .         Dismiss  .     T - +2 cloak
rCorr  .         Reflect  .     K - +1 pair of gloves {Str+3}
SustAt .         Harm     .     w - +1 pair of boots
MR     ++...     NoCast   +     m - amulet of the gourmand
Stlth  ..........               R - ring "Wofozeme" {*Drain rF++ rC+, =R}
                                V - ring "Humit" {MR+ Str-3 Int+5 Dex+4}

@: about to teleport, mesmerised, very resistant to hostile enchantments,
extremely unstealthy
A: change form in water, swift swim
a: Evolution, Sunlight, Growth, Reproduction, Rain, Renounce Religion
}: 1/15 runes: barnacled


You were on level 4 of the Shoals.
You worshipped Fedhas.
Fedhas was exalted by your worship.
You were very full.

You visited 5 branches of the dungeon, and saw 24 of its levels.
You visited 1 bazaar.
You also visited: Ice Cave.

You collected 3208 gold pieces.
You spent 1203 gold pieces at shops.

Inventory:

Hand Weapons
 F - a +1 demon trident of electrocution
 O - a +1 trident of protection
 Z - a +1 vampiric trident (weapon)
Missiles
 d - 14 throwing nets (quivered)
Armour
 q - the +7 leather armour "Qojias" {rElec MR+ rCorr Dex+5}
   (You took it off Erica on level 2 of the Lair of Beasts)

   It affects your dexterity (+5).
   It insulates you from electricity.
   It affects your resistance to hostile enchantments.
   It protects you from acid and corrosion.
 w - a +1 pair of boots (worn)
 C - the +6 chain mail of Gud Itiz (worn) {-Cast rF+ rN+ Int+6}
   (You bought it in a shop in a bazaar)

   It affects your intelligence (+6).
   It protects you from fire.
   It protects you from negative energy.
   It prevents spellcasting.
 J - a +2 helmet (worn)
 K - a +1 pair of gloves of strength (worn)
 Q - a +4 scale mail of fire resistance
 T - a +2 cloak (worn)
 Y - a +2 buckler (worn)
Jewellery
 m - an amulet of the gourmand (around neck)
 r - the ring "Vigeun" {rC+ rN+ Int+3 Dex+3 Slay-3}
   (You found it on level 2 of the Shoals)

   [ring of positive energy]

   It affects your intelligence (+3).
   It affects your dexterity (+3).
   It affects your accuracy and damage with ranged weapons and melee attacks
   (-3).
   It protects you from cold.
   It protects you from negative energy.
 x - a +3 ring of intelligence {unknown}
 z - an uncursed ring of protection from fire
 I - a +4 amulet of reflection
 P - an uncursed ring of ice
 R - the ring "Wofozeme" (right hand) {*Drain rF++ rC+, =R}
   (You found it in an ice cave)

   [ring of protection from cold]

   It greatly protects you from fire.
   It protects you from cold.
   It causes draining when unequipped.
 U - an uncursed ring of flight
 V - the ring "Humit" (left hand) {MR+ Str-3 Int+5 Dex+4}
   (You found it on level 4 of the Lair of Beasts)

   [ring of strength]

   It affects your strength (-3).
   It affects your intelligence (+5).
   It affects your dexterity (+4).
   It affects your resistance to hostile enchantments.
Wands
 b - a wand of teleportation (4/9)
 N - a wand of disintegration (7/24)
Scrolls
 c - 5 scrolls of enchant armour
 e - 4 scrolls of fear
 g - 6 scrolls of recharging
 i - 6 scrolls of remove curse
 j - 2 scrolls of blinking
 p - 4 scrolls of teleportation
 y - 2 scrolls of enchant weapon
 S - 4 scrolls of silence
 W - 4 scrolls of magic mapping
 X - 2 scrolls of fog
Potions
 k - 2 potions of agility
 l - 2 potions of heal wounds
 n - a potion of mutation
 o - 3 potions of might
 s - a potion of cancellation
 v - 3 potions of resistance
 B - a potion of cure mutation {unknown}
 E - 4 potions of ambrosia {unknown}
 G - 3 potions of haste
 H - 3 potions of flight {unknown}
 L - 2 potions of curing
 M - a potion of magic {unknown}
Books
 a - a Grand Grimoire

   Spells                             Type                      Level
   a - Monstrous Menagerie            Summoning                    7
   b - Summon Greater Demon           Summoning                    7
   c - Malign Gateway                 Summoning/Translocation      7
   d - Summon Horrible Things         Summoning                    8
Comestibles
 f - 9 bread rations
 h - 2 slices of pizza
 t - 7 beef jerkies
 u - 4 royal jellies
 A - 13 meat rations


   Skills:
 + Level 16.2 Fighting
 - Level 14.6 Polearms
 - Level 2.0 Throwing
 + Level 12.0 Armour
 + Level 18.9 Dodging
 - Level 4.0 Shields
 - Level 9.4 Invocations


You had 15 spell levels left.
You didn't know any spells.

Dungeon Overview and Level Annotations

Branches:
Dungeon (11/15)            Temple (1/1) D:7            Lair (6/6) D:10
 Shoals (4/4) Lair:4       Spider (0/4) Lair:2        Slime (0/5) Lair:5
    Orc (2/2) D:10            Elf (0/3) Orc:2

Altars:
Ashenzari
Cheibriados
Dithmenos
Elyvilon
Fedhas
Gozag
Hepliaklqana
Kikubaaqudgha
Makhleb
Nemelex Xobeh
Okawaru
Pakellas
Qazlal
Ru
Sif Muna
Trog
Uskayaw
Vehumet
Xom
Yredelemnul
Zin
The Shining One
Beogh

Shops:
D:8 ?   Orc:2 ****

Annotations:
D:11 Nergalle
Shoals:1 exclusion: Roxanne, Roxanne; urioxis's ghost, adept MiBe


Message History

Attack whom?
Press: ? - help, Dir - move target cursor, f/p - siren
Aim: a siren, wielding a trident (lightly wounded, mesmerising)
You reach to attack!
You puncture the siren!
The siren is heavily wounded.
The alligator snapping turtle bites you from afar!!
* * * LOW HITPOINT WARNING * * *
You take 30 damage, and have 16/138 hp.
MASSIVE DAMAGE!!
Attack whom?
Press: ? - help, Dir - move target cursor, f/p - siren
Aim: a siren, wielding a trident (heavily wounded, mesmerising)
You reach to attack!
You hit the siren but do no damage.
The siren is heavily wounded.
The siren chants its luring song.
Unknown command.
As you read the scroll of teleportation, it crumbles to dust.
You feel strangely unstable.
The alligator snapping turtle bites you from afar!!
You die...
Fedhas appreciates your contribution to the ecosystem.

.......(...≈≈≈≈≈≈≈≈≈≈≈.≈)≈≈#.####
.........).≈≈≈≈≈≈≈≈≈≈≈≈.)≈≈.#....
.#..........≈≈≈≈≈≈≈≈≈≈≈...)≈.≈...
##...........≈≈≈≈≈≈≈≈.....≈≈≈≈...
#............≈≈≈≈≈.......≈≈≈≈≈.≈
##...#####....≈≈≈.........≈≈≈≈≈.≈
##..## ##...t...............≈..
P))[# .#...m..................
≈..)# .'≈≈≈..@...........≈≈..≈
≈≈.)# .#≈≈≈≈..............≈≈≈≈
≈≈≈≈## ##≈≈≈≈.)..#####.....≈≈≈≈
≈≈≈≈≈#####≈≈≈≈≈≈..## ##....≈≈≈≈
P≈≈≈≈≈≈≈≈≈≈≈≈≈≈≈≈.# #....≈≈..
≈≈≈P≈≈≈≈≈≈≈≈≈≈≈≈≈≈' #..).....
≈#####≈≈≈≈≈≈≈≈≈≈≈≈# #....)...
##≈≈≈##.≈≈≈≈≈≈≈≈≈≈# ##........
#(≈≈≈≈#≈≈≈≈≈≈≈≈≈≈≈≈#####≈..(#≈#≈.


You could see an alligator snapping turtle and a siren.

Vanquished Creatures
  Saint Roka (Orc:1)
  Gastronok (Lair:2)
  Frances (Shoals:2)
  Ilsuiw (Shoals:4)
  2 merfolk javelineers
  Josephine (Shoals:1)
  10 merfolk impalers
  Fannar (Lair:1)
  4 hydras
  Harold (Lair:2)
  2 ice dragons (IceCv)
  4 merfolk avatars
  Erica (Lair:2)
  5 merfolk aquamancers (Shoals:4)
  An alligator snapping turtle (Shoals:3)
  2 satyrs
  3 death yaks
  3 ogre magi (Orc:2)
  13 sea snakes
  An unseen horror (D:10)
  13 harpies (Shoals:2)
  An orc knight (Orc:1)
  5 griffons
  4 orc sorcerers (Orc:1)
  3 cyclopes
  6 manticores
  5 fauns
  2 black mambas
  14 elephants (Lair:6)
  3 ice statues
  7 water nymphs
  12 sirens
  12 spiny frogs
  The ghost of Tungsten the Firebug, a novice DEFE (D:6)
  Psyche (D:8)
  A torpor snail (Lair:3)
  5 rime drakes
  6 komodo dragons
  An eye of devastation (Lair:5)
  8 trolls
  6 polar bears
  6 two-headed ogres
  30 merfolk
  A wind drake (Shoals:4)
  15 blink frogs
  2 jumping spiders (Lair:2)
  Grinder (D:5)
  A boulder beetle (Lair:4)
  10 snapping turtles
  12 spriggans
  5 water elementals
  6 redbacks
  A wyvern (D:8)
  A basilisk (Lair:2)
  5 wraiths (Shoals:1)
  55 yaks
  3 hungry ghosts
  9 hippogriffs
  6 porcupines
  14 water moccasins
  The ghost of Charly the Sneak, an amateur SpEn (D:5)
  17 orc warriors
  16 ice beasts
  5 wasps
  23 ogres
  2 phantoms
  4 sky beasts
  4 black bears
  An eye of draining (Lair:5)
  2 boggarts (Lair:6)
  18 wolves
  5 centaurs
  15 crocodiles
  10 giant frogs
  A gnoll sergeant (D:10)
  A wyvern skeleton (D:9)
  4 scorpions
  5 killer bees (D:9)
  6 wights
  A howler monkey (D:4)
  3 electric eels (Lair:6)
  3 crimson imps
  A centaur zombie (D:6)
  6 hounds
  3 giant frog skeletons
  6 jellies
  11 orc priests
  2 centaur skeletons
  4 iguanas
  11 worker ants
  21 orc wizards
  5 hell rats (Lair:6)
  22 sheep
  A hound skeleton (D:10)
  A howler monkey skeleton (D:4)
  A worker ant zombie (D:7)
  12 adders
  18 gnolls
  10 river rats (Lair:6)
  3 shadow imps
  2 oozes
  An adder skeleton (D:5)
  3 worms
  5 dart slugs
  6 giant geckos
  67 orcs
  9 giant cockroaches
  8 goblins
  15 hobgoblins
  11 jackals
  5 quokkas
  4 ball pythons
  6 bats
  6 giant newts
  A jackal skeleton (D:7)
  5 kobolds
  A quokka skeleton (D:7)
  10 rats
  3 ballistomycetes
  A butterfly (Lair:6)
  5 giant spores
  3 hyperactive ballistomycetes
819 creatures vanquished.

Vanquished Creatures (collateral kills)
  A stone giant (Orc:1)
  2 deep trolls (Orc:1)
  2 hill giants (Orc:1)
  An orc sorcerer (Orc:1)
  A cyclops (Orc:1)
  A spiny frog (Lair:3)
  2 trolls (Orc:1)
  4 two-headed ogres (Orc:1)
  A yak (Lair:1)
  9 ogres (Orc:1)
  A wolf (Lair:3)
  2 orc priests (Orc:1)
  An orc wizard (Orc:1)
  7 giant spores
35 creatures vanquished.

Vanquished Creatures (others)
  A blink frog (Lair:6)
  12 wandering mushrooms
  A hippogriff (Lair:6)
  An ogre (Orc:2)
  A wolf (Lair:6)
  A boggart (Lair:6)
  A wasp zombie (D:8)
  5 river rats (Lair:1)
  55 ballistomycetes
  17 fungi
  13 giant spores
  8 hyperactive ballistomycetes
  57 plants
  522 toadstools
695 creatures vanquished.

Grand Total: 1549 creatures vanquished

Notes
Turn   | Place    | Note
-------+----------+-------------------------------------------
     0 | D:1      | mistymad the Merfolk Gladiator began the quest for the Orb.
     0 | D:1      | Reached XP level 1. HP: 16/16 MP: 1/1
   161 | D:1      | Reached XP level 2. HP: 15/23 MP: 2/2
   422 | D:1      | Reached XP level 3. HP: 17/28 MP: 3/3
   895 | D:1      | Reached skill level 5 in Polearms
  1203 | D:2      | Reached skill level 1 in Armour
  1271 | D:2      | Reached XP level 4. HP: 29/34 MP: 4/4
  2287 | D:3      | Reached XP level 5. HP: 30/41 MP: 5/5
  2491 | D:3      | Reached skill level 5 in Dodging
  2830 | D:3      | Found a radiant altar of Vehumet.
  3022 | D:3      | Found a shimmering altar of Xom.
  3177 | D:4      | Reached XP level 6. HP: 47/48 MP: 6/6
  4032 | D:4      | Reached XP level 7. HP: 38/55 MP: 4/7
  4264 | D:4      | Reached skill level 6 in Dodging
  4422 | D:4      | Found a shattered altar of Ashenzari.
  4789 | D:4      | Reached skill level 5 in Fighting
  4830 | D:5      | Entered Level 5 of the Dungeon
  5088 | D:5      | Noticed Charly's ghost (amateur SpEn)
  5122 | D:5      | Killed Charly's ghost
  5393 | D:5      | Found an ancient bone altar of Kikubaaqudgha.
  5402 | D:5      | Reached XP level 8. HP: 63/63 MP: 8/8
  5594 | D:5      | Noticed Grinder
  5599 | D:5      | Paralysed by Grinder for 7 turns
  5754 | D:6      | Reached skill level 7 in Dodging
  6125 | D:6      | Noticed Tungsten's ghost (novice DEFE)
  6148 | D:6      | Killed Tungsten's ghost
  6425 | D:6      | Reached skill level 8 in Dodging
  6425 | D:6      | Reached XP level 9. HP: 71/71 MP: 9/9
  7193 | D:6      | Found a burning altar of Makhleb.
  7197 | D:6      | Found a hide-covered altar of Uskayaw.
  7652 | D:5      | Killed Grinder
  7755 | D:5      | Found a glowing golden altar of the Shining One.
  8298 | D:7      | Reached skill level 10 in Polearms
  8298 | D:7      | Reached skill level 9 in Dodging
  8555 | D:7      | Found a shadowy altar of Dithmenos.
  8597 | D:7      | Reached skill level 5 in Armour
  9051 | D:7      | Found a staircase to the Ecumenical Temple.
  9130 | D:7      | Reached XP level 10. HP: 78/80 MP: 10/10
  9223 | D:7      | Found a basalt altar of Yredelemnul.
  9512 | D:7      | Reached skill level 10 in Dodging
  9517 | Temple   | Entered the Ecumenical Temple
  9674 | Temple   | Became a worshipper of Fedhas Madash
  9944 | D:8      | Paralysed by a wasp for 1 turns
 10711 | D:8      | Found Gieppof's Magic Scroll Boutique.
 10777 | D:8      | Noticed Psyche
 11439 | D:8      | Killed Psyche
 11748 | D:9      | Found a sacrificial altar of Ru.
 11807 | D:9      | Reached skill level 11 in Dodging
 12005 | D:9      | Reached XP level 11. HP: 88/89 MP: 11/11
 12120 | D:10     | Entered Level 10 of the Dungeon
 13231 | D:9      | Found a deep blue altar of Sif Muna.
 13288 | D:10     | Found a staircase to the Orcish Mines.
 13317 | D:10     | Found a staircase to the Lair.
 13317 | D:10     | Noticed a death yak
 13350 | D:10     | Killed a death yak
 13407 | D:9      | Reached skill level 10 in Fighting
 13823 | D:10     | Reached * piety under Fedhas
 13932 | D:10     | Found a roughly hewn altar of Beogh.
 14006 | D:10     | Reached ** piety under Fedhas
 14237 | D:10     | Killed an unseen horror
 14237 | D:10     | Reached skill level 12 in Dodging
 14518 | D:11     | Noticed Nergalle
 14585 | Lair:1   | Entered Level 1 of the Lair of Beasts
 15094 | Lair:1   | Noticed a five-headed hydra
 15146 | Lair:1   | Killed a five-headed hydra
 15146 | Lair:1   | Reached XP level 12. HP: 92/99 MP: 10/12
 15882 | Lair:2   | Noticed Fannar
 15995 | Lair:1   | Killed Fannar
 16019 | Lair:2   | Got a tattered robe
 16020 | Lair:2   | Identified the +5 robe of the Pure Ghosts {Dex+2} (You found it on level 2 of the Lair of Beasts)
 16092 | Lair:2   | Found a hole to the Spider Nest.
 16095 | Lair:2   | Reached skill level 13 in Dodging
 16318 | Lair:2   | Noticed Gastronok
 16347 | Lair:2   | Killed Gastronok
 16431 | Lair:2   | Noticed Harold
 16445 | Lair:2   | Killed Harold
 16445 | Lair:2   | Reached skill level 1 in Invocations
 16618 | Lair:2   | Noticed Erica
 16636 | Lair:2   | Killed Erica
 16638 | Lair:2   | Got a dazzling leather armour
 16651 | Lair:2   | Identified the +7 leather armour "Qojias" {rElec MR+ rCorr Dex+5} (You took it off Erica on level 2 of the Lair of Beasts)
 17399 | Lair:3   | Reached *** piety under Fedhas
 17430 | Lair:3   | Noticed a death yak
 17433 | Lair:3   | Noticed a death yak
 17443 | Lair:3   | Killed a death yak
 17443 | Lair:3   | Reached XP level 13. HP: 63/107 MP: 15/15
 17465 | Lair:3   | Reached skill level 14 in Dodging
 17535 | Lair:3   | Found a frozen archway.
 17664 | IceCv    | Entered an ice cave
 18200 | IceCv    | Noticed an ice dragon
 18200 | IceCv    | Noticed an ice dragon
 18220 | IceCv    | Killed an ice dragon
 18305 | IceCv    | Killed an ice dragon
 18563 | IceCv    | Got a translucent silver ring
 18571 | IceCv    | Identified the ring "Wofozeme" {*Drain rF++ rC+} (You found it in an ice cave)
 18886 | Lair:3   | Got a dazzling ring mail
 18897 | Lair:3   | Identified the cursed +1 ring mail of Devotion {rElec rCorr Int+3} (You found it on level 3 of the Lair of Beasts)
 18964 | Lair:3   | Reached skill level 5 in Invocations
 20171 | Lair:4   | Reached **** piety under Fedhas
 20215 | Lair:4   | Got a steaming copper ring
 20602 | Lair:4   | Reached skill level 15 in Dodging
 20612 | Lair:4   | Found a staircase to the Shoals.
 21129 | Lair:5   | Found a staircase to the Slime Pits.
 21568 | Lair:6   | Entered Level 6 of the Lair of Beasts
 21698 | Lair:6   | Reached XP level 14. HP: 107/116 MP: 18/18
 22765 | Lair:6   | Reached skill level 16 in Dodging
 23451 | Lair:6   | Reached skill level 10 in Armour
 23531 | Lair:6   | Reached ***** piety under Fedhas
 23666 | Lair:6   | Identified the cursed ring "Humit" {MR+ Str-3 Int+5 Dex+4} (You found it on level 4 of the Lair of Beasts)
 23843 | Orc:1    | Entered Level 1 of the Orcish Mines
 23885 | Orc:1    | Paralysed by an orc sorcerer for 6 turns
 23930 | Orc:1    | Reached skill level 1 in Shields
 24172 | Orc:2    | Entered Level 2 of the Orcish Mines
 24172 | Orc:2    | Found Gupuekh's Assorted Antiques.
 24175 | Orc:2    | Noticed a stone giant
 25244 | Orc:1    | Killed a stone giant
 25384 | Orc:2    | Reached XP level 15. HP: 111/126 MP: 21/21
 25904 | Orc:2    | Found Naka's General Store.
 25905 | Orc:2    | Found Kowu Modoz's General Store.
 25916 | Orc:2    | Found Ynayvyat's General Store.
 26015 | Orc:2    | Noticed Saint Roka
 26649 | Orc:1    | Killed Saint Roka
 27316 | Orc:2    | Found a staircase to the Elven Halls.
 27661 | Orc:1    | Found a burning altar of Makhleb.
 27820 | Orc:2    | Bought a potion of heal wounds for 85 gold pieces
 27825 | Orc:2    | Bought a murky blue potion for 23 gold pieces
 27825 | Orc:2    | Bought a pair of glowing gloves for 117 gold pieces
 27982 | Shoals:1 | Entered Level 1 of the Shoals
 28111 | Shoals:1 | Noticed Roxanne
 28176 | Shoals:1 | Noticed urioxis's ghost (adept MiBe)
 28924 | Shoals:1 | Noticed Josephine
 28995 | Shoals:1 | Killed Josephine
 29842 | Shoals:2 | Found a flickering gateway to a bazaar.
 29851 | Bazaar   | Entered a bazaar
 29851 | Bazaar   | Found Lovixev's Gadget Shoppe.
 29862 | Bazaar   | Found Naghokho's Assorted Antiques.
 29870 | Bazaar   | Found Wiesiot's Distillery.
 29879 | Bazaar   | Found Zeawacleumm's General Store.
 29887 | Bazaar   | Bought a potion of curing for 42 gold pieces
 29887 | Bazaar   | Bought a scroll of magic mapping for 49 gold pieces
 29887 | Bazaar   | Bought a potion of curing for 42 gold pieces
 29896 | Bazaar   | Bought a potion of curing for 33 gold pieces
 29896 | Bazaar   | Bought a potion of might for 44 gold pieces
 29896 | Bazaar   | Bought a potion of haste for 110 gold pieces
 29904 | Bazaar   | Bought a fine chain mail for 190 gold pieces
 29904 | Bazaar   | Bought a glowing helmet for 90 gold pieces
 29904 | Bazaar   | Bought a potion of might for 80 gold pieces
 29904 | Bazaar   | Bought a potion of curing for 60 gold pieces
 29904 | Bazaar   | Bought a scroll of magic mapping for 70 gold pieces
 29926 | Bazaar   | Identified the +6 chain mail of Gud Itiz {-Cast rF+ rN+ Int+6} (You bought it in a shop in a bazaar)
 29941 | Bazaar   | Bought a wand of teleportation (4/9) for 168 gold pieces
 30057 | Shoals:2 | Reached skill level 17 in Dodging
 30596 | Shoals:2 | Noticed Frances
 30629 | Shoals:2 | Killed Frances
 30678 | Shoals:2 | Got a smoking ivory ring
 30683 | Shoals:2 | Identified the ring "Vigeun" {rC+ rN+ Int+3 Dex+3 Slay-3} (You found it on level 2 of the Shoals)
 31342 | Shoals:2 | Reached skill level 15 in Fighting
 32245 | Shoals:3 | Reached XP level 16. HP: 136/136 MP: 23/23
 33342 | Shoals:4 | Entered Level 4 of the Shoals
 33794 | Shoals:4 | Reached skill level 18 in Dodging
 35211 | Shoals:4 | Got a barnacled rune of Zot
 35388 | Shoals:4 | Reached ****** piety under Fedhas
 36161 | Shoals:4 | Noticed Ilsuiw
 36253 | Shoals:4 | Killed Ilsuiw
 36732 | Shoals:4 | Demolished by an alligator snapping turtle

Vault maps used:
D:1:      sevenhm_arrival_forest_fort_large_2, minmay_stone_trees_small,
          due_unseen_surprise
D:3:      lemuel_crystal_altar, vehumet_crystals, first_bread,
          grunt_ministairs_9
D:4:      kennysheep_six_static_rooms, kennysheep_little_box, glass_columns_a,
          minivault_11
D:5:      nicolae_tso_carved_into_rock, nicolae_overflow_crystal_walls,
          eino_tiny_chamber, uniq_grinder
D:6:      grunt_temple_overflow_open
D:7:      black_bear_nest_2, yredelemnul_altar_generic,
          nicolae_dithmenos_the_darkroom
D:8:      serial_shops, shop, uniq_psyche
D:9:      nicolae_ru_sacrificial_ziggurat, lemuel_blue_sif_altar
D:10:     dpeg_lair_monsters, orc_0_dummy, special_room
D:11:     hangedman_ranch, uniq_nergalle
Temple:   minmay_temple_curvy_loop
Lair:1:   dpeg_oklob_gauntlet, st_stairs_10
Lair:2:   nicolae_spider_entry_tight_spaces, lemuel_fruit_tree,
          grunt_megastairs_4, uniq_harold, uniq_erica, uniq_gastronok,
          uniq_fannar
Lair:3:   portal_ice_cave_rime, forest_entry_grove
Lair:4:   elwin_shoals_entry_rooms, grunt_megastairs_2
Lair:5:   minmay_slime_entry_eyes, st_stairs_12
Lair:6:   minmay_lair_end_enchanted_forest, infiniplex_staircase_pool_2,
          grunt_megastairs_5, serial_bayou_shore_a, serial_bayou_shore_b,
          lemuel_fruit_fields
Shoals:1: dpeg_stationary_puzzle, uniq_roxanne, uniq_josephine
Shoals:2: serial_shops, bzr_entry_islet, nicolae_shoals_cliffside_cave,
          nicolae_shoals_so_close, uniq_frances
Shoals:4: shoals_end_simple, shoal_ilsuiw, nicolae_shoals_seven_spires
Orc:1:    basic_altar
Orc:2:    st_orc_open, uniq_saint_roka
Bazaar:   bazaar_kb_twisted_cavern
IceCv:    ice_cave_small_dragons

Skill      XL: |  1  2  3  4  5  6  7  8  9 10 11 12 13 14 15 16 |
---------------+-------------------------------------------------+-----
Polearms       | 5 6 7 9 10 12 13 14 | 14.6
Armour         | 1 2 3 4 5 6 7 8 9 10 11 12 | 12.0
Fighting       | 3 4 5 6 7 9 10 11 12 14 15 16 | 16.2
Dodging        | 5 6 8 9 11 12 13 15 16 17 18 | 18.9
Invocations    | 3 6 8 9 |  9.4
Shields        | 2 4 |  4.0
Throwing       | |  2.0

Action                   |  1- 3 |  4- 6 |  7- 9 | 10-12 | 13-15 | 16-18 || total
-------------------------+-------+-------+-------+-------+-------+-------++-------
Melee: Trident           |    16 |       |       |       |   557 |  1226 ||  1799
       Halberd           |    82 |   261 |   471 |   619 |       |       ||  1433
       Glaive            |       |       |       |   315 |  1153 |       ||  1468
       Spear             |       |       |       |    12 |       |       ||    12
       Tailslap          |       |       |       |       |    83 |   117 ||   200
Throw: Throwing net      |       |       |     3 |       |       |       ||     3
Invok: Evolution         |       |       |       |     5 |    23 |       ||    28
       Reproduction      |       |       |       |       |     4 |       ||     4
       Growth            |       |       |       |       |     2 |       ||     2
 Abil: Evoke Berserk Rag |       |       |       |     3 |     3 |       ||     6
Evoke: Wand              |       |       |       |       |     2 |       ||     2
  Use: Scroll            |       |    10 |     2 |    15 |     9 |     2 ||    38
       Potion            |       |     1 |       |     3 |    12 |     7 ||    23
 Stab: Distracted        |     1 |       |       |     1 |     5 |       ||     7
       Sleeping          |       |     1 |       |       |     4 |       ||     5
       Confused          |       |       |       |     2 |     1 |       ||     3
       Invisible         |       |       |       |       |    12 |       ||    12
  Eat: Chunk             |     1 |     8 |    13 |    27 |    44 |    23 ||   116
       Meat ration       |       |       |     1 |       |       |       ||     1
       Bread ration      |       |       |       |     2 |     4 |       ||     6
Armor: Leather armour    |    21 |    22 |       |    14 |   272 |       ||   329
       Scale mail        |       |    46 |   142 |   307 |       |       ||   495
       Chain mail        |       |       |       |       |   139 |   209 ||   348
Dodge: Dodged            |    68 |   169 |   276 |   669 |  1869 |   634 ||  3685
Block: Buckler           |       |       |       |       |   181 |   254 ||   435
